Cogmind - Beta 15 @@@ ROGUE MODE // 2025.09.01 @ 22:54:22 Player: Hartman Result: Destroyed by C-35 Carver with Carbide Saw Performance ------------- Evolutions (6) 3000 Regions Visited (6) 1200 Robots Destroyed (2) 10 Value Destroyed (125) 125 Prototype IDs (4) 80 Alien Tech Used (0) 0 Bonus (1372) 1372 TOTAL SCORE: 5787 Bonus ------- Follower Combat Kills 72 Entered DSFs 500 Registered with UFD 300 Met Optimus in HQ 500 Cogmind --------- Core Integrity 0/1150 Matter 35/300 Energy 100/100 System Corruption 6% Temperature Cool (0) Movement Core (50) Location -4/Factory Parts ------- > --- POWER (3) -------- (None) > --- PROPULSION (4) --- (None) > --- UTILITY (6) ------ (None) > --- WEAPON (6) ------- (None) > --- INVENTORY (5) ---- (None) Peak State ------------ > --- POWER ------------ (None) > --- PROPULSION ------- Field Propulsion Drive Field Propulsion Drive Field Propulsion Drive Field Propulsion Drive > --- UTILITY ---------- Energy Filter Energy Filter Quantum Capacitor Experimental Hacking Suite Experimental System Shield > --- WEAPON ----------- Railgun Improved Remote Datajack CPS Tube > --- INVENTORY -------- Gyrokinetic Inverter Field Propulsion Drive Compact Battery [Rating: 79] Favorites ----------- Power Ion Engine Engine Ion Engine Propulsion Aluminum Leg Leg Aluminum Leg Hover Unit Gravmag System Flight Unit Field Propulsion Drive Utility Small Storage Unit Device Energy Filter Storage Small Storage Unit Processor Signal Interpreter Hackware Experimental Hacking Suite Weapon Small Laser Energy Gun Small Laser Ballistic Gun Assault Rifle Ballistic Cannon Magnetic Acceleration Cannon Special Weapon Improved Remote Datajack Slashing Weapon Ripteeth Special Melee Weapon Datajack Build | -11 -10 -10 -7 -5 -5 -4 ------- Run | Yrd Mat Sub Scr Fac DSF Fac Slots Evolved 12 | . . . . 10 . 2 Power 2 | . . . . 2 . . Propulsion 2 | . . . . 2 . . Utility 4 | . . . . 3 . 1 Weapon 4 | . . . . 3 . 1 Parts Attached 46 | 6 . 1 6 6 9 18 Power 3 | 1 . . 1 1 . . Engine 3 | 1 . . 1 1 . . Core . | . . . . . . . Reactor . | . . . . . . . Propulsion 17 | 2 . . 2 1 4 8 Treads . | . . . . . . . Leg 2 | 2 . . . . . . Wheel . | . . . . . . . Hover 7 | . . . 2 1 4 . Flight 8 | . . . . . . 8 Utility 12 | 1 . 1 . 1 2 7 Device 6 | . . . . 1 1 4 Storage 3 | 1 . . . . 1 1 Processor 1 | . . 1 . . . . Hackware 2 | . . . . . . 2 Protection . | . . . . . . . Artifact . | . . . . . . . Weapon 14 | 2 . . 3 3 3 3 Energy Gun 2 | 1 . . 1 . . . Energy Cannon . | . . . . . . . Ballistic Gun 3 | 1 . . 1 . . 1 Ballistic Cannon 4 | . . . 1 . 3 . Launcher . | . . . . . . . Special Weapon 2 | . . . . 1 . 1 Impact Weapon . | . . . . . . . Slashing Weapon 1 | . . . . 1 . . Piercing Weapon . | . . . . . . . Special Melee Weapon 2 | . . . . 1 . 1 Unidentified Prototypes 2 | . . . . . . 2 Parts Lost 28 | . . . . . 12 16 Power 2 | . . . . . 2 . Propulsion 11 | . . . . . 3 8 Utility 9 | . . . . . 2 7 Weapon 6 | . . . . . 5 1 Highest Loss Streak 11 | . . . . . 11 11 To Critical Strikes . | . . . . . . . Average Backups 6 | 3 7 7 6 2 5 4 Power . | . 1 1 1 . . . Propulsion 2 | 1 3 3 2 . 1 2 Utility . | . . 1 . . 2 . Weapon 1 | . 1 2 1 . 1 . Tool/Special . | . . . . . . . Unused Backups 18 | . 2 . 9 . 2 5 Power 3 | . . . 2 . . 1 Propulsion 7 | . 2 . 3 . . 2 Utility 5 | . . . 1 . 2 2 Weapon 3 | . . . 3 . . . Tool/Special . | . . . . . . . Average Slot Usage (%) 86 | . 85 100 99 65 73 38 Engine 11 | . 14 14 14 8 9 . Leg 15 | . 28 28 19 . . . Hover 7 | . . . 8 14 20 . Flight 2 | . . . . . . 15 Device 2 | . . . . 4 6 10 Storage 11 | . 14 14 14 5 4 1 Processor 9 | . . 14 14 5 4 . Energy Gun 8 | . 14 14 11 5 . . Ballistic Gun 10 | . 14 14 13 5 . 1 Ballistic Cannon 2 | . . . 2 . 13 . Peak Build Rating 79 | 6 7 7 24 47 64 79 Average Rating 20 | 4 6 7 11 45 54 50 On Entrance 15 | . 6 7 7 24 47 16 Naked Turns 25 | . . . . . . 25 Heaviest Build 72 | 13 13 13 24 41 72 22 Greatest Support 51 | 20 20 20 20 29 51 26 Greatest Overweight (x) 4 | 4 . . 1 1 1 1 Average Overweight (x) . | . . . . 1 . . Largest Inventory Capacity 15 | 8 8 8 8 8 15 5 Average Capacity 7 | 7 8 8 8 8 11 5 Most Carried 13 | 6 8 7 8 7 13 5 Average Carried 6 | 3 7 7 7 1 6 4 Final Capacity 8 | 8 8 8 8 8 5 5 Final Carried 8 | 6 8 7 8 1 5 . Class Distribution -------------------- 83% | Mutant 8% | Derelict-Gunner 8% | Hacker-Mutant Dominant Class ---------------- Mutant | -10/Materials Mutant | -10/Subcaves Mutant | -7/Scraptown Derelict-Gunner | -5/Factory Derelict-Gunner | -5/DSF Hacker-Mutant | -4/Factory Resources | -11 -10 -10 -7 -5 -5 -4 ----------- Run | Yrd Mat Sub Scr Fac DSF Fac Matter Collected 443 | 192 71 10 95 . 8 67 Remotely . | . . . . . . . Salvage Created 86 | . . . 35 . . 51 Parts 5 | . . . 1 . . 4 Haulers Intercepted . | . . . . . . . Recyclers Shooed . | . . . . . . . Parts Field Recycled . | . . . . . . . Retrieved Matter . | . . . . . . . Parts Self-Destructed 11 | . . 11 . . . . Prevented . | . . . . . . . Kills | -11 -10 -10 -7 -5 -5 -4 ------- Run | Yrd Mat Sub Scr Fac DSF Fac Combat Hostiles Destroyed 2 | . . . 1 . . 1 Guns 2 | . . . 1 . . 1 Classes Destroyed 2 | . . . 1 . . 1 Programmer 1 | . . . . . . 1 Ranger 1 | . . . 1 . . . Best Kill Streak 1 | . . . 1 . . 1 Combat Bots Only 1 | . . . 1 . . 1 Max Kills in Single Turn 1 | . . . 1 . . 1 Gunslinging . | . . . . . . . Exploded . | . . . . . . . Melee . | . . . . . . . Uniques/NPCs Destroyed . | . . . . . . . Combat | -11 -10 -10 -7 -5 -5 -4 -------- Run | Yrd Mat Sub Scr Fac DSF Fac Hostile Shots Fired 280 | . 2 . 14 . 148 116 Missed 111 | . . . 3 . 52 56 Hits 169 | . 2 . 11 . 96 60 Melee 16 | . . . . . . 16 Projectile 153 | . 2 . 11 . 96 44 AOE 2 | . . . . . . 2 Critical Strikes 17 | . . . 2 . 3 12 Part Disruptions 1 | . . . 1 . . . Damage Taken 4041 | . 18 . 149 . 2119 1755 Core 1763 | . . . 12 . 588 1163 Absorbed by Shields . | . . . . . . . Regen/Repaired (Parts) 26 | . . . 18 . 8 . Core Remaining (%) 78 | 100 . . 95 . 41 . Volleys Fired 23 | . 1 . 7 . 4 11 Largest 3 | . 2 . 2 . 3 1 Hottest 132 | . 60 . 108 . 132 35 Shots Fired 31 | . 2 . 11 . 7 11 Gun 17 | . 2 . 11 . . 4 Cannon 7 | . . . . . 7 . Launcher . | . . . . . . . Special 7 | . . . . . . 7 Kinetic 19 | . 1 . 7 . 7 4 Thermal 5 | . 1 . 4 . . . Explosive . | . . . . . . . Electromagnetic . | . . . . . . . Robot Hit Streak 4 | . . . 4 . 1 3 Robot Miss Streak 3 | . 2 . 3 . 3 1 Penetration Max . | . . . . . . . Secondary Targets . | . . . . . . . Shots Hit Robots 14 | . . . 9 . 1 4 Core Hits 9 | . . . 7 . . 2 Critical Kills . | . . . . . . . Critical Parts Destroyed . | . . . . . . . Critical Strikes . | . . . . . . . Melee Attacks . | . . . . . . . Impact . | . . . . . . . Slashing . | . . . . . . . Piercing . | . . . . . . . Sneak Attacks . | . . . . . . . Combat Hostiles . | . . . . . . . Follow-up Attacks . | . . . . . . . Damage Inflicted 237 | . . . 125 . 30 82 Guns 189 | . . . 125 . . 64 Cannons 30 | . . . . . 30 . Explosions . | . . . . . . . Melee . | . . . . . . . Ramming 18 | . . . . . . 18 Kinetic 151 | . . . 57 . 30 64 Thermal 68 | . . . 68 . . . Explosive . | . . . . . . . Electromagnetic . | . . . . . . . Impact . | . . . . . . . Slashing . | . . . . . . . Piercing . | . . . . . . . Highest Corruption 8 | . . . . . 8 6 Average Corruption 2 | . . . . . 3 1 Corruption Purged . | . . . . . . . Corruption Blocked . | . . . . . . . Effects 8 | . . . . . 2 6 Message Errors 4 | . . . . . . 4 Matter Fused 3 | . . . . . 1 2 Data Loss (minor) 1 | . . . . . 1 . Overload Shots . | . . . . . . . Overflow Damage . | . . . . . . . Projectiles . | . . . . . . . Explosions . | . . . . . . . Melee . | . . . . . . . Knockbacks 2 | . . . . . 2 . Impact . | . . . . . . . Kinetic 1 | . . . . . 1 . Secondary 1 | . . . . . 1 . Self-Inflicted Damage 8 | . . . . . . 8 Shots . | . . . . . . . Rammed 3 | . . . . . . 3 Targets Rammed 3 | . . . . . . 3 Kicked . | . . . . . . . Crushed . | . . . . . . . Highest Temperature 280 | . . . 280 . 16 2 Average Temperature 127 | . . . 144 . 11 2 Received Heat Transfer 403 | . . . 49 . 252 102 Effects 1 | . . . 1 . . . Energy Bleed 1 | . . . 1 . . . Siege Activations . | . . . . . . . Martial Activations . | . . . . . . . Shielding Activations . | . . . . . . . Robots Disrupted . | . . . . . . . Combat Hostiles . | . . . . . . . Robots Corrupted . | . . . . . . . Combat Hostiles . | . . . . . . . Parts Fried . | . . . . . . . Impact Corruptions . | . . . . . . . Robots Melted . | . . . . . . . Combat Hostiles . | . . . . . . . Parts Melted . | . . . . . . . Heat Transferred 137 | . . . 137 . . . Parts Sabotaged . | . . . . . . . Parts Stolen . | . . . . . . . Parts Stripped . | . . . . . . . Power Chain Reactions . | . . . . . . . Alert | -11 -10 -10 -7 -5 -5 -4 ------- Run | Yrd Mat Sub Scr Fac DSF Fac Maximum Alert Level . | . . . . . . . Low Security (%) 100 | 100 100 . . 100 100 100 Level 1 . | . . . . . . . Level 2 . | . . . . . . . Level 3 . | . . . . . . . Level 4 . | . . . . . . . Level 5 . | . . . . . . . High Security . | . . . . . . . Max Security . | . . . . . . . Peak Influence 71 | . 5 . . . 15 71 Initial 2 | . . . . . . 2 Average 3 | . . . . . . 8 Influence Increases 210 | . 5 . . . 15 190 Destroy 0b10 Robot/C 20 | . . . . . . 20 Destroy Leader 10 | . . . . . . 10 Successful Hack 13 | . 5 . . . . 8 Disable Machine 15 | . . . . . . 15 Destroy Structure 2 | . . . . . . 2 Lose Combat Pursuer 150 | . . . . . 15 135 Influence Decreases 203 | . 5 . . . 10 188 Entered New Map 3 | . . . . . . 3 Time Decay 102 | . 5 . . . . 97 Lost Part 98 | . . . . . 10 88 Squads Dispatched 5 | . 1 . . . 1 3 Investigation . | . . . . . . . Extermination 1 | . . . . . . 1 Reinforcement 4 | . 1 . . . 1 2 Assault . | . . . . . . . Garrison . | . . . . . . . Intercept . | . . . . . . . Searches Triggered . | . . . . . . . Construction Impeded . | . . . . . . . Haulers Reinforced . | . . . . . . . Active Scanning Responses . | . . . . . . . Cargo Convoy Interrupts . | . . . . . . . Stealth | -11 -10 -10 -7 -5 -5 -4 --------- Run | Yrd Mat Sub Scr Fac DSF Fac Distress Signals 3 | . 1 . . . . 2 Communications Jammed . | . . . . . . . Distress Signals . | . . . . . . . Times Spotted 51 | . 5 . 10 . 12 24 Peak Tracking Total 12 | . 2 . 2 . 6 12 Tactical Retreats 7 | . . . . . 3 4 Traps | -11 -10 -10 -7 -5 -5 -4 ------- Run | Yrd Mat Sub Scr Fac DSF Fac Traps Triggered 7 | . . . . . 3 4 Indirectly . | . . . . . . . Trap Hack Attempts . | . . . . . . . Triggered . | . . . . . . . Disarmed . | . . . . . . . Reprogrammed . | . . . . . . . Reused . | . . . . . . . Traps Extracted . | . . . . . . . Installed . | . . . . . . . Triggered . | . . . . . . . Machines | -11 -10 -10 -7 -5 -5 -4 ---------- Run | Yrd Mat Sub Scr Fac DSF Fac Machines Disabled 2 | . . . 1 . . 1 Max in Single Turn 1 | . . . . . . 1 Machines Repaired . | . . . . . . . Machines Dismantled . | . . . . . . . Machines Sabotaged . | . . . . . . . Overloaded Fab Kills . | . . . . . . . Hacking | -11 -10 -10 -7 -5 -5 -4 --------- Run | Yrd Mat Sub Scr Fac DSF Fac Machines Accessed 13 | . 1 1 6 1 . 4 Terminals 4 | . 1 . . 1 . 2 Fabricators 1 | . . . . . . 1 Repair Stations . | . . . . . . . Recycling Units 1 | . . . . . . 1 Scanalyzers . | . . . . . . . Garrison Access . | . . . . . . . Total Hacks 57 | . 3 5 39 2 . 8 Successful 49 | . 2 5 39 1 . 2 Failed 8 | . 1 . . 1 . 6 Catastrophic 1 | . . . . . . 1 Database Lockouts . | . . . . . . . Manual . | . . . . . . . Terminals 9 | . 3 . . 2 . 4 Fabricators 1 | . . . . . . 1 Repair Stations . | . . . . . . . Recycling Units 3 | . . . . . . 3 Scanalyzers . | . . . . . . . Garrison Access . | . . . . . . . Terminal Hacks 47 | . 2 5 39 1 . . Record 44 | . . 5 39 . . . Prototype ID Bank 1 | . 1 . . . . . Open DSF 1 | . . . . 1 . . Emergency Access Points 1 | . 1 . . . . . Fabricator Hacks . | . . . . . . . Repair Station Hacks . | . . . . . . . Recycling Unit Hacks 2 | . . . . . . 2 Recycle Component 1 | . . . . . . 1 Report Inventory 1 | . . . . . . 1 Scanalyzer . | . . . . . . . Garrison Access Hacks . | . . . . . . . Unauthorized Hacks . | . . . . . . . Terminals . | . . . . . . . Fabricators . | . . . . . . . Repair Stations . | . . . . . . . Recycling Units . | . . . . . . . Scanalyzers . | . . . . . . . Garrison Access . | . . . . . . . Data Cores Recovered . | . . . . . . . Used . | . . . . . . . Hacking Detections 6 | . 1 . . 1 . 4 Full Trace Events . | . . . . . . . Feedback Events . | . . . . . . . Feedback Blocked . | . . . . . . . Robot Schematics Acquired . | . . . . . . . Robots Built . | . . . . . . . Authchips . | . . . . . . . Time . | . . . . . . . Total Robot Build Rating . | . . . . . . . Part Schematics Acquired . | . . . . . . . Parts Built . | . . . . . . . Authchips . | . . . . . . . Time . | . . . . . . . Total Part Build Rating . | . . . . . . . Parts Repaired . | . . . . . . . Time . | . . . . . . . Parts Recycled 1 | . . . . . . 1 Recycled Matter . | . . . . . . . Retrieved Matter . | . . . . . . . Retrieved Components . | . . . . . . . Parts Scanalyzed . | . . . . . . . Part Schematics Acquired . | . . . . . . . Parts Damaged . | . . . . . . . Bothacking | -11 -10 -10 -7 -5 -5 -4 ------------ Run | Yrd Mat Sub Scr Fac DSF Fac Used RIF Installer . | . . . . . . . Robots Hacked 1 | . . . . . . 1 Non-combat 1 | . . . . . . 1 Combat . | . . . . . . . Robot Hacks Applied 1 | . . . . . . 1 parse_system 1 | . . . . . . 1 Relay Couplers Released . | . . . . . . . Fabnet Peak Effective % . | . . . . . . . Robots Rewired . | . . . . . . . Allies Hacked . | . . . . . . . Hacks Repelled . | . . . . . . . Allies | -11 -10 -10 -7 -5 -5 -4 -------- Run | Yrd Mat Sub Scr Fac DSF Fac Total Allies 1 | . . . 1 . . . Largest Group 1 | . . . 1 . . . Highest-Rated Group 58 | . . . 58 . . . Highest-Rated Ally 58 | . . . 58 . . . Total Orders . | . . . . . . . Ally Attacks 16 | . . . 16 . . . Total Damage 309 | . . . 309 . . . Kills 3 | . . . 3 . . . Allies Corrupted . | . . . . . . . Allies Melted 5 | . . . 5 . . . Intel | -11 -10 -10 -7 -5 -5 -4 ------- Run | Yrd Mat Sub Scr Fac DSF Fac Active Infowar (turns) 86 | . . . . . 85 1 Terrain 1 | . . . . . . 1 ECM 85 | . . . . . 85 . Robot Analysis Total . | . . . . . . . Derelict Logs Recovered . | . . . . . . . Drone Launches . | . . . . . . . Drone Recoveries . | . . . . . . . Exploration | -11 -10 -10 -7 -5 -5 -4 ------------- Run | Yrd Mat Sub Scr Fac DSF Fac Turns Passed 3784 | 74 296 314 2183 34 322 561 Spaces Moved 3297 | 51 205 208 1699 26 219 889 Core 59 | 9 . . . . . 50 Treads . | . . . . . . . Legs 1507 | 42 205 208 1052 . . . Wheels . | . . . . . . . Hover 903 | . . . 647 26 219 11 Flight 828 | . . . . . . 828 Fastest Speed 39 | 50 120 120 56 112 74 39 Average Speed 94 | 111 120 120 110 112 114 44 Slowest Speed 250 | 250 120 120 130 112 132 125 Overloaded Moves . | . . . . . . . Propulsion Burnouts . | . . . . . . . Robots Hopped 9 | . . . . . . 9 Potential Cave-ins . | . . . . . . . Cave-ins Triggered . | . . . . . . . Exploration Rate (%) 39 | 4 49 15 92 2 91 20 Regions Visited 6 Branch Regions 2 Pre-discovered Areas . | . . . . . . . Known Exits Taken 3 | . . 1 1 1 . . Unknown Exits Taken 2 | 1 1 . . . . . Scrap Searched 5 | . . . 5 . . . Spaces Dug 1 | . . . . . . 1 Terrain Destroyed 1 | . . . . . . 1 Melee . | . . . . . . . Projectile 1 | . . . . . . 1 AOE . | . . . . . . . Terrain Rammed . | . . . . . . . Walls Destroyed . | . . . . . . . Machines Disabled . | . . . . . . . Actions | -11 -10 -10 -7 -5 -5 -4 --------- Run | Yrd Mat Sub Scr Fac DSF Fac Total 3943 | 68 254 272 1998 31 280 1040 Wait 467 | . 43 64 252 . 8 100 Move 3273 | 50 204 207 1698 25 218 871 Hop 9 | . . . . . . 9 Pick Up 59 | 12 4 . 14 . 14 15 Fast Attach 12 | . . . 3 . 1 8 Attach 27 | 6 . 1 . 6 2 12 Detach 1 | . . . . . . 1 Swap 11 | . . . 3 . 6 2 Drop 28 | . 2 . 17 . 1 8 Fire 23 | . 1 . 7 . 4 11 Melee . | . . . . . . . Ram 3 | . . . . . . 3 Kick . | . . . . . . . Crush . | . . . . . . . Escape Stasis 26 | . . . . . 26 . Rewire 4 | . . . 4 . . . Trap . | . . . . . . . Miscellaneous . | . . . . . . . Route ------- -11/Scrapyard -10/Materials (discovered 2 exits: [*Min] / *Sub) -10/Subcaves (discovered 2 exits: *Mat / *Scr) -7/Scraptown (discovered 2 exits: *Fac x2) -5/Factory (discovered 5 exits: Fac x3 / Upp / DSF) -5/DSF -4/Factory History --------- Turn | Location | Event 9 | -11/Scrapyard | Discovered new exit (range 15) 75 | -11/Scrapyard | Entered Materials 76 | -10/Materials | Met a group of wandering Federalists 187 | -10/Materials | Discovered new exit (range 15) 318 | -10/Materials | Build established: Mutant 357 | -10/Materials | Discovered new exit (range 13) 371 | -10/Materials | Entered Subcaves 372 | -10/Subcaves | Continued accompanying wandering Federalists (4) 372 | -10/Subcaves | Approached by a straggling Scientist 394 | -10/Subcaves | Shifting Twisted Machinery released Spk. Treads 402 | -10/Subcaves | Shifting Twisted Machinery released Sub. Optics 482 | -10/Subcaves | Discovered new exit (range 9) 493 | -10/Subcaves | Identified exit to Materials 528 | -10/Subcaves | Visited Clippyterm 531 | -10/Subcaves | Learned Factory trap positions 531 | -10/Subcaves | Learned 40 Factory zone layouts 593 | -10/Subcaves | A swath of the cavern ceiling suddenly collapsed 611 | -10/Subcaves | Wandering Federalist uncovered a shortcut to Scraptown 611 | -10/Subcaves | Identified exit to Scraptown 685 | -10/Subcaves | Entered Scraptown 1048 | -7/Scraptown | Visited UFD Registry 1058 | -7/Scraptown | Visited Red Mages 1124 | -7/Scraptown | Visited CR-KLE's Repair Center 1133 | -7/Scraptown | CR-KLE repaired 2 parts 1163 | -7/Scraptown | Visited Cave Peace 1242 | -7/Scraptown | Discovered new exit (range 5) 1249 | -7/Scraptown | Identified exit to Factory 1616 | -7/Scraptown | Visited Fellowship of the Rings 1649 | -7/Scraptown | Visited SPCMW 1754 | -7/Scraptown | Visited Assassins FH 1819 | -7/Scraptown | Registered with UFD as "Microslicer" 1859 | -7/Scraptown | Visited Botcube Research 1868 | -7/Scraptown | Found Lrg. Botcube 1895 | -7/Scraptown | Visited DA-N13 Charitable Foundation 1912 | -7/Scraptown | Found DCF Scrap (27 items) 1924 | -7/Scraptown | Lrg. Botcube activated 1944 | -7/Scraptown | Lrg. Botcube completed mutation into legged form, armed with 1 gun, 2 cannons, 1 melee weapon. 2203 | -7/Scraptown | Visited Scrapoid Research Area 2274 | -7/Scraptown | Visited Scrapoid Pod Storage 2292 | -7/Scraptown | Visited Derelict Rescue Squad 2296 | -7/Scraptown | Found DRS Beacon 2308 | -7/Scraptown | Visited Junk Repository 2345 | -7/Scraptown | Visited Junk Repository 2383 | -7/Scraptown | Visited Modified Component R&D 2486 | -7/Scraptown | Met Optimus 2486 | -7/Scraptown | Accepted into 0bPrime 2558 | -7/Scraptown | Visited Research Penetration Think Tank 2626 | -7/Scraptown | Civil war broke out across Scraptown 2703 | -7/Scraptown | Found Scrap Suit 2843 | -7/Scraptown | Lost 5 allies 2868 | -7/Scraptown | Entered Factory 2868 | -5/Factory | Evolved 10 slots: Power x2, Propulsion x2, Utility x3, Weapon x3 2869 | -5/Factory | Identified exit to Factory 2869 | -5/Factory | Identified exit to Upper Caves 2870 | -5/Factory | Loaded intel: 78 trap records 2901 | -5/Factory | Identified exit to DSF 2902 | -5/Factory | Entered DSF 2956 | -5/DSF | Additional patrols routed to DSF 3171 | -5/DSF | Build established: Derelict-Gunner 3200 | -5/DSF | Core integrity fell below 50% 3212 | -5/DSF | Discovered exit to Factory (range 15) 3224 | -5/DSF | Entered Factory 3224 | -4/Factory | Evolved 2 slots: Utility x1, Weapon x1 3252 | -4/Factory | Lost 11 parts (2p3n2u4w) 3316 | -4/Factory | Lost 5 parts (3n2u) 3406 | -4/Factory | Found Prototype Hackware 3406 | -4/Factory | Identified Exp. Hacking Suite 3408 | -4/Factory | Found Quantum Capacitor 3425 | -4/Factory | Found Prototype Hackware 3425 | -4/Factory | Identified Exp. System Shield 3761 | -4/Factory | Core integrity fell below 50% 3770 | -4/Factory | Core integrity fell below 20% 3785 | -4/Factory | Destroyed by C-35 Carver with Carbide Saw Last Messages --------------- 03758_ Knocked back. 03759_ C-35 Carver destroyed. 03760_ Quantum Capacitor destroyed. 03760_ Knocked back. 03760_ K-01 Serf collects debris. 03763_ Penetrated by Slug. 03764_ K-01 Serf collects debris. 03765_ R-10 Processor collects Imp. Fusion Compressor. 03766_ Penetrated by Slug. 03766_ P-70 Sage resets K-01 Serf, system corruption cleaned. 03766_ Triggered Ambush Trap. 03766_ S-27 Virus emerges from a hatch in the floor. 03771_ System corrupted: Matter fused (-6). 03777_ Slammed into C-35 Carver. 03778_ Penetrated by Slug. 03782_ M-28 Smith repairs C-35 Carver. 03785_ Slammed into C-35 Carver. Map ----- +----------------------------------------------------+ | ????????????????????????????????# # """" """" | | ????????????????????????????????# " + """" """" | | ????????????????????????????????# # """" """" | | ????????????????????????????????# # """" """ | | ????????????????????????????????### ### """" """" | | ??????????????????????????????????# #?# | | ??????????????????????????????????# #?# = | | ??????????????????????????????????# #?# | | ???????????????????????????????#### #?# | | ???????????????????????????????# #?############ | | ??????????????????????? ???# ########?????? | | ??????????????????????? #?# # #?????? | | ??????????????????????? #?# # """ #?????? | | ??????????????????????? #?# # T" #?????? | | ??????????????????????? #?# # """ #?????? | | ??????????????????????? #?# # #?????? | | ?????????????????????"?? #?# # ! #?????? | | ?????????????????????""? #?# ##+##########? | | ??????????????????? ?? ??# ## # ## | | ???????????????????? ? ??# ##### ## # | | ?????????????????????# ???# #???# ### | | ?????????????????????# ??## ##??# " | | ????????????????????????# ## ####+## | | ????????????????????????# / # | | ????????????????????????#c##### ## """ # ## ## | | ????????????????????????#@#???##/### "Y" #! | | ???????????????????????## ##??# ## " " # | | ???????????????????????# #### !## # """""" | | ???????????????????????#! / ## = =# """""" | | ???????????????????????# ## # ## # """""" | | ???????????????????????###### #] ####+### """""" | | ????????????????????????????# # #??# #?# | | ????????????????????????????# # ]#??# #?###?##### | | ????????????????????????????# ######## #???? #???? | | ????????????????????????????+ #???# ###?? | | ????????????????????????????# ### #?? ### | | ????????????????????????????# #?# ### | | ?????????????????############ #?# T | | ????????????????? ###+##+### [ | | ?????????????????? # # ### | | ??????????????????? !!| # """ #?#+###?? | | ????????????????????? !|| # """ = #???????? | | ???????????????????????# !|| # """ #???????? | | ???????????????????????# # #???????? | | ???????????????????????# # """ #???????? | | ???????????????????????# + """ #???????? | | ???????????????????????# ###### """ #???????? | | ???????????????????????# # # #???????? | | ???????????????????????# + = ##########???????? | | ???????????????????????# ### #????????????????? | +----------------------------------------------------+ Best States ------------- Heat Dissipation 43 Energy Generation 27 Energy Capacity 480 Matter Stores 300 Matter Capacity 300 Sight Range 16 Terrain Scan Density 10 ECM Strength 2 Evasion (%) 62 Energy Filtering 45 Offensive Hacking 16 Defensive Hacking 16 Item Schematics ----------------- None Robot Schematics ------------------ None Fabricated ------------ Nothing Repaired ---------- Nothing Alien Tech Used ----------------- None Achievements -------------- None Challenges ------------ None Game ------ Seed HackingRapidMiniperforator Manual? 0 Play Time 01:29:36 Cumulative 39.4 hours Start 2025.09.01 @ 18:56:38 End 2025.09.01 @ 22:54:22 Sessions 2 Manual Loads 0 Difficulty Rogue Special Mode None Game No. 37 Rogue 37 Adventurer 0 Explorer 0 Win Type - Total 0 Types 0/0/0/0/0/0/0/0/0/0 Lore% 22 Gallery% 29 Achievement% 28 Wizard Run 0 Options --------- Layout 1 ASCII 0 Keyboard 0 Movement Numpad Keybinds 0 Fullscreen 1 Font 24/Smallcaps Map View 50x35 Zoom Use 0% Tactical HUD 1 Map Filters NONE Filters NONE Steam 1 RUN: 825b2782-a7f0-4319-9190-05abc1098822